 Dungeon Crawl Stone Soup version 0.23.0-3-gf3c87f2 (webtiles) character file.

Game seed: 3356753498012808502

452 Jaiteiro the Cudgeler (level 6, 0/59 HPs)
             Began as a Troll Fighter on Feb 24, 2019.
             Slain by a scorpion (4 damage)
             ... on level 4 of the Dungeon.
             The game lasted 00:09:35 (3064 turns).

Jaiteiro the Cudgeler (Troll Fighter)               Turns: 3064, Time: 00:09:35

Health: 0/59       AC:  6    Str: 30    XL:     6   Next: 75%
Magic:  5/5        EV:  9    Int:  4    God:
Gold:   213        SH: 10    Dex: 11    Spells: 5/5 levels left

rFire    . . .     SeeInvis .   a - +0 flail
rCold    . . .     Gourm    +   c - +0 shield
rNeg     . . .     Faith    .   b - +0 robe
rPois    .         Spirit   .   (helmet restricted)
rElec    .         Reflect  .   (no cloak)
rCorr    .         Harm     .   (gloves unavailable)
MR       .....                  (boots unavailable)
Stlth    +.........             (no amulet)
HPRegen  0.59/turn              (no ring)
MPRegen  0.09/turn              (no ring)

@: mighty, lethally poisoned (0 -> -12)
A: large, unfitting armour, claws 3, fast metabolism 3, gourmand, regeneration
1, shaggy fur 1, tough skin 3
a: no special abilities


You were on level 4 of the Dungeon.
You were completely stuffed.

You visited 1 branch of the dungeon, and saw 4 of its levels.

You collected 213 gold pieces.

Inventory:

Hand Weapons
 a - a +0 flail (weapon)
Missiles
 e - 50 stones (quivered)
Armour
 b - a +0 robe (worn)
 c - a +0 shield (worn)
Wands
 v - a wand of disintegration (11)
Scrolls
 g - 4 scrolls of fear {unknown}
 j - 3 scrolls of teleportation {unknown}
 k - 2 scrolls of magic mapping {unknown}
 m - 2 scrolls of identify {unknown}
 n - 2 scrolls of enchant armour {unknown}
 o - 2 scrolls of remove curse {unknown}
 w - a scroll of blinking {unknown}
Potions
 d - 3 potions of might
 h - 7 potions of curing {unknown}
 i - a potion of haste {unknown}
 p - 2 potions of agility {unknown}
 q - a potion of cancellation {unknown}
 r - a potion of magic {unknown}
 s - a potion of heal wounds {unknown}
 t - a potion of degeneration {unknown}
 u - a potion of brilliance {unknown}
Comestibles
 f - 10 rations
 l - 3 chunks of flesh


   Skills:
 - Level 2.4 Fighting
 * Level 5.3 Maces & Flails
 - Level 2.4 Dodging
 * Level 4.3 Shields


You had 5 spell levels left.
You didn't know any spells.
Your spell library was empty.

Dungeon Overview and Level Annotations

Branches:
Dungeon (4/15)
 Temple: D:4-7

Altars:


Innate Abilities, Weirdness & Mutations

You are too large for most types of armour.
You have claws for hands.
Your metabolism is lightning-fast.
You like to eat raw meat.
Your natural rate of healing is unusually fast.
You are covered in fur. (AC +1)
You have extremely tough skin. (AC +3)


Message History

You feel sick.
You feel very mighty all of a sudden.
You feel sick. The scorpion closely misses you.
You closely miss the scorpion.
The scorpion is moderately wounded.
You feel sick. The scorpion stings you.
* * * LOW HITPOINT WARNING * * *
You are lethally poisoned!
The scorpion poisons you!
You closely miss the scorpion.
The scorpion is moderately wounded.
* * * LOW HITPOINT WARNING * * *
You feel very sick. You block the scorpion's attack. x2
You barely miss the scorpion.
The scorpion is moderately wounded.
* * * LOW HITPOINT WARNING * * *
You feel very sick. The scorpion stings you.
You die...

......#...# #..##.
......#...# +.$..
.###.##'########....
.###.##..##...##...
..............##..#
..............##..##
.###...####...##...#
.###...####...##s..# ..
..#...........+.@..#.≈PP
..#...........##..#≈PPP≈
..#...........##.≈PPPPP≈
.##....#.......≈P≈P≈♣≈≈P
..#### #.....P≈.P♣≈≈≈P≈.
..# #.#.P.≈≈≈♣≈≈..PP.
### ##≈.P≈≈≈♣PPP≈....
#.P≈≈♣≈♣PP......
#P≈≈≈♣♣PPP......


You could see a scorpion.

Vanquished Creatures
  An ogre (D:3)
  A wyvern zombie (D:3)
  Jessica (D:3)
  3 worker ants
  3 gnolls (D:3)
  8 adders
  An adder zombie (D:1)
  An adder skeleton (D:4)
  4 worms
  4 dart slugs
  2 leopard geckos
  2 orcs
  8 bats
  4 giant cockroaches
  8 goblins
  8 hobgoblins
  8 jackals
  5 kobolds
  A quokka (D:2)
  A ball python zombie (D:1)
  5 frilled lizards
  6 rats
85 creatures vanquished.

Notes
Turn   | Place    | Note
-------+----------+-------------------------------------------
     0 | D:1      | Jaiteiro the Troll Fighter began the quest for the Orb.
     0 | D:1      | Reached XP level 1. HP: 22/22 MP: 0/0
   105 | D:1      | Reached skill level 2 in Maces & Flails
   126 | D:1      | Reached XP level 2. HP: 23/29 MP: 1/1
   593 | D:1      | Reached XP level 3. HP: 36/36 MP: 2/2
  1241 | D:2      | Reached skill level 3 in Maces & Flails
  1241 | D:2      | Reached XP level 4. HP: 35/44 MP: 3/3
  1971 | D:3      | Reached XP level 5. HP: 50/50 MP: 4/4
  2009 | D:3      | Noticed an ogre
  2032 | D:3      | Killed an ogre
  2032 | D:3      | Reached skill level 4 in Maces & Flails
  2293 | D:3      | Reached XP level 6. HP: 59/59 MP: 5/5
  2418 | D:3      | Noticed Jessica
  2444 | D:3      | Killed Jessica
  2672 | D:3      | Reached skill level 5 in Maces & Flails
  3064 | D:4      | Slain by a scorpion

Skill      XL: |  1  2  3  4  5  6 |
---------------+-------------------+-----
Maces & Flails | 2 3 4 5 |  5.3
Shields        | 3 4 |  4.3
Fighting       | |  2.4
Dodging        | |  2.4

Action                   |  1- 3 |  4- 6 || total
-------------------------+-------+-------++-------
Melee: Flail             |   136 |   253 ||   389
  Use: Potion            |       |     1 ||     1
 Stab: Sleeping          |     1 |     1 ||     2
  Eat: Chunk             |    17 |    18 ||    35
Armor: Robe              |    67 |    77 ||   144
Dodge: Dodged            |    58 |    71 ||   129
Block: Shield            |    83 |   130 ||   213
